 Dungeon Crawl Stone Soup version 0.22-a0-443-g17c3723 (webtiles) character file.

11 Gorglomux the Shield-Bearer (level 2, -5/19 HPs)
             Began as a Gargoyle Fighter on June 1, 2018.
             Killed from afar by Terence (9 damage)
             ... with a wand of flame (8)
             ... on level 2 of the Dungeon.
             The game lasted 00:00:11 (207 turns).

Gorglomux the Shield-Bearer (Gargoyle Fighter)       Turns: 207, Time: 00:00:12

Health: -5/19      AC:  9    Str: 19    XL:     2   Next: 25%
Magic:  2/2        EV:  7    Int:  8    God:
Gold:   5          SH:  9    Dex:  9    Spells: 1/1 levels left

rFire    . . .     SeeInvis .   a - +0 war axe
rCold    . . .     Gourm    .   c - +0 shield
rNeg     + . .     Faith    .   b - +0 scale mail
rPois    ∞         Spirit   .   (no helmet)
rElec    +         Reflect  .   (no cloak)
rCorr    .         Harm     .   (no gloves)
MR       .....                  (no boots)
Stlth    ..........             (no amulet)
HPRegen  0.06/turn              (no ring)
MPRegen  0.08/turn              (no ring)

@: no status effects
A: negative energy resistance 1, electricity resistance, unbreathing,
petrification resistance, rot immunity, AC +2
a: no special abilities


You were on level 2 of the Dungeon.
You were not hungry.

You visited 1 branch of the dungeon, and saw 2 of its levels.

You collected 5 gold pieces.

Inventory:

Hand Weapons
 a - a +0 war axe (weapon)
Armour
 b - a +0 scale mail (worn)
 c - a +0 shield (worn)
Scrolls
 h - a scroll of identify {unknown}
Potions
 d - a potion of might
Comestibles
 f - 2 rations
 g - 11 chunks of flesh


   Skills:
 - Level 3.2 Fighting
 + Level 2.6 Axes
 - Level 3.2 Armour
 - Level 3.2 Shields


You had one spell level left.
You didn't know any spells.
Your spell library was empty.

Dungeon Overview and Level Annotations

Branches:
Dungeon (2/15)

Altars:

Annotations:
D:2 Terence


Innate Abilities, Weirdness & Mutations

You are resistant to torment.
Your stone body is resilient. (AC +2)
You are immune to poison.
You resist negative energy. (rN+)
You are resistant to electric shocks. (rElec)
You can survive without breathing.
You are immune to petrification.
You are immune to rotting.


Message History

* * * don't die
* * * You are too injured to fight recklessly!!!
You are too injured to fight recklessly!!!
You are too injured to fight recklessly!!!
Terence is nearby!!!
Unknown command!
Terence is nearby!!!
You are butt injured to fight recklessly!!!
You are too injured to fight recklessly!!!
You are too injured to fight recklessly!!!
You are too injured to fight recklessly!!!
Unknown command!
Terence butts nearby!!!
You are too injured to fight recklessly!!!
You are too injured to fight recklessly!!!
You are too injured to fight butt-ly!!!
You are too injured to fight recklessly!!!
Unknown command!
Terence zaps a wand!
The puff of flame hits you!!! rip

.... #...##>#.).# ...@
#.#.##.....#
....##...##.#...#########
#.........#............
#...#.##.#####.<....##
#.....##.# #..###.#
##..#.##.# ##.# #.......#
#.# #....@..# #..
####.##...# ###.
#.#..#.... . #.. . .##
###? . # #. .#


You could see Terence.

Vanquished Creatures
  A leopard gecko (D:1)
  2 goblins (D:1)
  A hobgoblin (D:1)
  2 kobolds (D:1)
  2 frilled lizards (D:1)
  A rat (D:1)
9 creatures vanquished.

Notes
Turn   | Place    | Note
-------+----------+-------------------------------------------
     0 | D:1      | Gorglomux the Gargoyle Fighter began the quest for the Orb.
     0 | D:1      | Reached XP level 1. HP: 14/14 MP: 1/1
   128 | D:1      | Reached XP level 2. HP: 19/19 MP: 2/2
   203 | D:2      | Noticed Terence
   207 | D:2      | Killed from afar by Terence

Vault maps used:
D:1:      shiori_arrival_maze
D:2:      lemuel_tele_altar, uniq_terence

Skill      XL: |  1 |
---------------+----+-----
Axes           | 2 |  2.6
Fighting       | |  3.2
Armour         | |  3.2
Shields        | |  3.2

Action                   || total
-------------------------++-------
Melee: War axe           ||    48
Armor: Scale mail        ||    23
Dodge: Dodged            ||    13
Block: Shield            ||    26

Table legend:
 A = Spawn XP
 B = Non-spawn XP
 C = Spawn XP percentage of total XP
 D = Spawn monster count
 E = Non-spawn monster count
 F = Spawn count percentage of total count
 G = Total turns spent on level
                    A         B        C        D         E        F      G
               +---------+---------+-------+---------+---------+-------+---------
         Total |       0 |      16 |   0.0 |       0 |       9 |   0.0 |   207
               +---------+---------+-------+---------+---------+-------+---------
           D:1 |       0 |      16 |   0.0 |       0 |       9 |   0.0 |   189
               +---------+---------+-------+---------+---------+-------+---------
